 Dungeon Crawl Stone Soup version 0.29-a0-598-gd8304a5bf4 (webtiles) character file.

Game seed: 9001334022683609709

10 IdlyInterested the Ducker (level 2, -2/22 HPs)
             Began as a Demonspawn Gladiator on June 15, 2022.
             Slain by a quokka (3 damage)
             ... on level 1 of the Dungeon.
             The game lasted 00:01:08 (425 turns).

IdlyInterested the Ducker (Demonspawn Gladiator)     Turns: 425, Time: 00:01:08

Health: -2/22      AC:  5    Str: 14    XL:     2   Next: 10%
Magic:  2/2        EV: 12    Int:  9    God:
Gold:   35         SH:  0    Dex: 14    Spells: 1/1 levels left

rFire   . . .      SeeInvis .   a - +0 trident
rCold   . . .      Faith    .   (no shield)
rNeg    . . .      Spirit   .   b - +0 leather armour
rPois   .          Reflect  .   c - +0 helmet
rElec   .          Harm     .   (no cloak)
rCorr   .          Rampage  .   f - +0 pair of gloves
Will    .....                   (no boots)
Stlth   +.........              (no amulet)
HPRegen 0.07/turn               (no ring)
MPRegen 0.08/turn               (no ring)

@: no status effects
A: demonic guardian 1
a: no special abilities


You were on level 1 of the Dungeon.
You visited 1 branch of the dungeon, and saw 1 of its levels.

You collected 35 gold pieces.

Inventory:

Hand Weapons
 a - a +0 trident (weapon)
Missiles
 d - 3 throwing nets (quivered)
 e - a javelin
Armour
 b - a +0 leather armour (worn)
 c - a +0 helmet (worn)
 f - a +0 pair of gloves (worn)
Scrolls
 g - a scroll of identify {unknown}


   Skills:
 - Level 2.0 Fighting
 * Level 2.9 Polearms
 - Level 1.7 Throwing
 * Level 3.0 Dodging
 + Level 0.5 Stealth


You had one spell level left.
You didn't know any spells.
Your spell library contained the following spells:

 Spells                   Type           Power      Damage    Failure   Level
 Portal Projectile        Hex/Tloc       0%         N/A       83%         3
 Tukima's Dance           Hex            0%         N/A       83%         3
 Blade Hands              Tmut           0%         N/A       100%        5
 Fireball                 Conj/Fire      0%         3d3       100%        5
 Starburst                Conj/Fire      0%         6d3       100%        6
 Ignition                 Fire           0%         3d3       100%        8


Dungeon Overview and Level Annotations

Branches:
Dungeon (1/15)

Altars:


Innate Abilities, Weirdness & Mutations

A weak demonic guardian rushes to your aid.


Message History

You kill the dart slug!
Your Dodging skill increases to level 3!
You have reached level 2!
Your demonic ancestry asserts itself...
You feel the presence of a demonic guardian.
You now have 35 gold pieces (gained 14).
You open the door.
There is an open door here.
An endoplasm comes into view.
A quokka comes into view.
The endoplasm quivers.
You hit the endoplasm.
The endoplasm is moderately wounded.
The endoplasm barely misses you. The endoplasm closely misses you.
You barely miss the endoplasm.
The endoplasm is moderately wounded.
The endoplasm hits you.
You hit the quokka but do no damage. The quokka bites you.
A demonic guardian appears!
The endoplasm freezes you.
You are frozen.
The quokka barely misses you.
You barely miss the endoplasm.
The endoplasm is moderately wounded.
The quokka bites you but does no damage.
Your ufetubus barely misses the quokka.
Your ufetubus hits the quokka but does no damage.
The endoplasm freezes you.
You are frozen.
You hit the endoplasm.
The endoplasm is almost dead.
Your ufetubus barely misses the quokka.
Your ufetubus hits the quokka. The quokka bites you.
* * * LOW HITPOINT WARNING * * *
The endoplasm freezes you.
You are frozen.
* * * LOW HITPOINT WARNING * * *
Your ufetubus barely misses the quokka.
Your ufetubus closely misses the quokka.
The quokka bites you.
You die...

##'## P♣.♣PP♣P≈.≈♣
#######.#####
.♣P♣PPP♣.≈.≈♣
#######.......#...#
≈≈≈≈≈≈≈≈≈≈.≈≈
#.........#####.#.#
≈≈≈≈≈≈≈≈.....
#.........# #.#.#
.♣♣♣♣PP≈.###.
#.........#####.#.#
♣♣P♣≈.#§#.
#.........'.....#.#
.♣P♣P≈.###.
#.........#######.#
≈≈≈≈≈≈≈.....
#.........##...r@.#
≈≈≈≈≈≈≈≈≈.≈≈
#.........#...5J.##
♣♣♣♣♣♣PP≈.≈.
#......†..#......#
.P♣♣P.≈.≈P
#.........#......#
≈≈≈≈≈≈≈.≈≈
........###......#
#######'##
#######.# #......#
#..# #.. #......#
#.## ### #......#
#####.# #.....#


You could see an endoplasm, a quokka (ally target) and a friendly ufetubus
(summoned).

Vanquished Creatures
  2 dart slugs (D:1)
  A goblin (D:1)
  A bat (D:1)
  A frilled lizard (D:1)
  3 rats (D:1)
8 creatures vanquished.

Notes
Turn   | Place    | Note
-------+----------+-------------------------------------------
     0 | D:1      | IdlyInterested the Demonspawn Gladiator began the quest for
                  | the Orb.
     0 | D:1      | Reached XP level 1. HP: 16/16 MP: 1/1
   359 | D:1      | Found a faded altar of an unknown god.
   397 | D:1      | Reached skill level 3 in Dodging
   397 | D:1      | Gained mutation: A weak demonic guardian rushes to your
                  | aid. [demonic ancestry]
   397 | D:1      | Reached XP level 2. HP: 22/22 MP: 2/2
   425 | D:1      | HP: 1/22 [frozen (4)]
   425 | D:1      | Slain by a quokka

Illustrated notes

Levels and vault maps discovered:
D:1:      lightli_arrival_farm, layout_basic,
          hellmonk_ecumenical_altar_inner_sanctum

Skill      XL: |  1 |
---------------+----+-----
Dodging        | 3 |  3.0
Fighting       | |  2.0
Polearms       | |  2.9
Throwing       | |  1.7
Stealth        | |  0.5

Action                   || total
-------------------------++-------
Melee: Trident           ||    22
 Stab: Sleeping          ||     1
Armor: Leather armour    ||     9
Dodge: Dodged            ||    11

Table legend: (Time is in decaauts)
 A = Elapsed time spent in this place.
 B = Non-inter-level travel time spent in this place.
 C = Inter-level travel time spent in this place.
 D = Time resting spent in this place.
 E = Time spent auto-exploring this place.
 F = Levels seen in this place.
 G = Mean time per level.
                   A        B        C        D        E       F      G
               +--------+--------+--------+--------+--------+-----+--------+
         Total |    432 |    432 |      0 |      0 |    345 |   1 |  432.0 |
       Dungeon |    432 |    432 |      0 |      0 |    345 |   1 |  432.0 |
               +--------+--------+--------+--------+--------+-----+--------+

Top non-repeatable levels by time:
     D:1: 432 daAuts
